 Seeded DCSS version 0.30.1-4-g462c640d31 (webtiles) character file.

Game seed: 20230804 (custom seed)

16 AccursedSamuel the Sneak (level 2, 0/19 HPs)
             Began as a Tengu Delver on Aug 10, 2023.
             Succumbed to an adder's poison
             ... in a sewer.
             The game lasted 00:01:22 (270 turns).

AccursedSamuel the Sneak (Tengu Delver)              Turns: 270, Time: 00:01:23

Health: 0/19       AC:  3    Str: 12    XL:     2   Next: 58%
Magic:  3/3        EV: 12    Int: 13    God:
Gold:   17         SH:  0    Dex: 15    Spells: 1/1 levels left

rFire   . . .        j - +1 war axe of Kemuffou {freeze, Int+3}
rCold   . . .        (no shield)
rNeg    . . .        b - +0 leather armour
rPois   .            (helmet restricted)
rElec   .            (no cloak)
rCorr   .            (no gloves)
SInv    .            (boots unavailable)
Will    .....        (no amulet)
Stlth   +++          (no ring)
HPRegen 0.23/turn    (no ring)
MPRegen 0.08/turn

%: no passive effects
@: lethally poisoned (0 -> -3)
A: beak, talons 3
a: no special abilities


You were in a sewer.
You visited 1 branch of the dungeon, and saw 2 of its levels.
You also visited: Sewer.

You collected 17 gold pieces.

Inventory:

Hand Weapons
 a - a +0 falchion
 h - a +0 flail of holy wrath
 j - the +1 war axe of Kemuffou (weapon) {freeze, Int+3}
   (You found it on level 4 of the Dungeon)

   Int:       It affects your intelligence (+3).
Armour
 b - a +0 leather armour (worn)
Wands
 g - a wand of digging (3)
Scrolls
 c - a scroll of fog
 d - a scroll of magic mapping
 e - a scroll of fear
 i - a scroll of identify {unknown}
Potions
 f - a potion of haste


   Skills:
 + Level 3.3 Fighting
 + Level 2.2 Long Blades
 + Level 2.2 Dodging
 + Level 5.3 Stealth


You had one spell level left.
You didn't know any spells.
Your spell library was empty.

Dungeon Overview and Level Annotations

Branches:
Dungeon (5/15)             Temple (0/1) D:5           Sewer (1/1)

Altars:


Innate Abilities, Weirdness & Mutations

You have a beak for a mouth.
You have claws for feet.


Message History

Your unstable footing causes you to fumble your attack.
The giant cockroach splashes around in the water.
The giant cockroach bites you but does no damage.
Your unstable footing causes you to fumble your attack.
The giant cockroach bites you.
You closely miss the giant cockroach. Your kick misses the giant cockroach.
The giant cockroach barely misses you. The giant cockroach closely misses you.
Your unstable footing causes you to fumble your attack.
The giant cockroach splashes around in the water.
The giant cockroach misses you.
You slash the giant cockroach! You freeze the giant cockroach.
You kill the giant cockroach!
An adder comes into view.
The adder hisses angrily.
An adder comes into view.
You enter the shallow water.
Moving in this stuff is going to be slow.
An endoplasm comes into view.
Your unstable footing causes you to fumble your attack.
The adder barely misses you. The adder bites you.
You are poisoned.
The adder poisons you! The adder bites you but does no damage.
Your unstable footing causes you to fumble your attack.
You feel sick. The adder bites you. The adder barely misses you. x2
The adder bites you.
You are lethally poisoned!
The adder poisons you!
You closely miss the adder. x2
You feel very sick. The adder bites you but does no damage.
The adder misses you. The adder bites you.
* * * LOW HITPOINT WARNING * * *
The adder barely misses you.
* * * LOW HITPOINT WARNING * * *
You feel very sick. The adder bites you but does no damage.
The adder misses you. The adder bites you but does no damage.
* * * LOW HITPOINT WARNING * * *
You feel sick. The adder barely misses you.
You die...

#############
####.~S~......~####
#~~~.~S.@...~~~~~.##
#.....#########~~..~#
#.~~## ###...# #~~.
##..# ~~~ #.~# J~
#..# . ###########~.#
#..~...~...~.#
#~~.~......~.#


You could see 2 adders.

Vanquished Creatures
  An adder (D:4)
  A worm (D:4)
  A giant cockroach (Sewer)
  2 ball pythons (D:4)
  A kobold (D:4)
  A rat (D:4)
7 creatures vanquished.

Notes
Turn   | Place    | Note
-------+----------+-------------------------------------------
     0 | D:5      | AccursedSamuel the Tengu Delver began the quest for the
                  | Orb.
     0 | D:5      | Reached XP level 1. HP: 14/14 MP: 2/2
     7 | D:5      | Found a staircase to the Ecumenical Temple.
    83 | D:4      | Reached XP level 2. HP: 4/19 MP: 3/3
   164 | D:4      | Identified the +1 war axe of Kemuffou {freeze, Int+3}
   184 | D:4      | Found a glowing drain.
   204 | Sewer    | Entered a sewer
   270 | Sewer    | Succumbed to an adder's poison

Illustrated notes

Levels and vault maps discovered:
D:4:      layout_basic, gammafunk_temple_overflow_forgotten,
          portal_sewer_entry_b
D:5:      layout_rooms, mainiacjoe_overflow_two_lobes, temple_pool_b,
          serial_shops, nicolae_shop_window_shopping, ebering_ghost_inner_flame
Sewer:    sewer_hellmonk_slimy_pipes

Action                     || total
---------------------------++-------
  Melee: Flail             ||     5
         War axe           ||    17
         Kick              ||     1
         Peck              ||     1
 Armour: Leather armour    ||     8
  Dodge: Dodged            ||    20
